 Dungeon Crawl Stone Soup version 0.29.1-15-g9cfb28693d (webtiles) character file.

Game seed: 11257262626599962641

38 Haiku the Sneak (level 3, 0/31 HPs)
             Began as a Draconian Delver on Feb 28, 2023.
             Was an Initiate of Ru.
             Succumbed to an adder's poison
             ... on level 5 of the Dungeon.
             The game lasted 00:01:34 (245 turns).

Haiku the Sneak (Draconian Delver)                   Turns: 245, Time: 00:01:35

Health: 0/31       AC:  5    Str: 14    XL:     3   Next: 25%
Magic:  3/3        EV: 12    Int: 12    God:    Ru [......]
Gold:   0          SH:  0    Dex: 12    Spells: 3/3 levels left

rFire   . . .      SeeInvis .   a - +0 hand axe
rCold   . . .      Faith    .   (no shield)
rNeg    . . .      Spirit   .   (body armour unavailable)
rPois   .          Reflect  .   (helmet restricted)
rElec   .          Harm     .   (no cloak)
rCorr   .          Rampage  .   (no gloves)
Will    .....                   (no boots)
Stlth   +++.......              (no amulet)
HPRegen 0.10/turn               (no ring)
MPRegen 0.08/turn               (no ring)

@: lethally poisoned (0 -> -3)
A: AC +5, unfitting armour, cold-blooded
a: Renounce Religion


You were on level 5 of the Dungeon.
You worshipped Ru.
Ru was noncommittal.
You visited 2 branches of the dungeon, and saw 2 of its levels.

Inventory:

Hand Weapons
 a - a +0 hand axe (weapon)
Wands
 f - a wand of digging (3)
Scrolls
 b - a scroll of fog
 c - a scroll of magic mapping


   Skills:
 * Level 3.5 Fighting
 * Level 2.1 Axes
 * Level 1.9 Dodging
 * Level 5.1 Stealth
 * Level 0.5 Spellcasting
 * Level 0.5 Evocations


You had 3 spell levels left.
You didn't know any spells.
Your spell library was empty.

Dungeon Overview and Level Annotations

Branches:
Dungeon (5/15)             Temple (1/1) D:5

Altars:
Cheibriados
Dithmenos
Elyvilon
Fedhas
Gozag
Hepliaklqana
Kikubaaqudgha
Makhleb
Nemelex Xobeh
Qazlal
Ru
Uskayaw
Zin
The Shining One


Innate Abilities, Weirdness & Mutations

Your plain brown scales are hard. (AC +5)
You cannot fit into any form of body armour.
You are cold-blooded and may be slowed by cold attacks.


Message History

You hit the adder.
The adder is moderately wounded.
You hit the adder but do no damage. You barely miss the orc.
The adder closely misses you. The adder barely misses you.
The orc hits you with a +0 flail. The adder misses you.
You completely miss the adder.
The adder is moderately wounded.
You closely miss the orc. You hit the adder. The adder bites you.
You are poisoned.
The adder poisons you! The orc closely misses you.
The adder closely misses you. x2
You barely miss the adder.
The adder is moderately wounded.
You closely miss the adder. You barely miss the orc.
You feel sick. The orc misses you. The adder closely misses you.
The adder bites you but does no damage. x2; The orc hits you with a +0 flail!
The adder bites you.
You are more poisoned.
The adder poisons you!
You aren't carrying any potions.
Unknown command.
The white imp attacks as you move away! The white imp barely misses you.
You feel sick. The adder barely misses you.
You see here 4 gold pieces.
The adder attacks as you move away! The adder closely misses you.
You feel sick. The adder attacks as you move away! The adder bites you.
* * * LOW HITPOINT WARNING * * *
You feel sick. The adder bites you.
* * * LOW HITPOINT WARNING * * *
The adder attacks as you move away! The adder closely misses you.
* * * LOW HITPOINT WARNING * * *
You feel sick. The adder bites you but does no damage.
The adder barely misses you. The adder attacks as you move away!
The adder bites you but does no damage.
* * * LOW HITPOINT WARNING * * *
You feel sick. The orc attacks as you move away!
The orc hits you with a +0 club.
* * * LOW HITPOINT WARNING * * *
You die...

#####>####
#.....###
#.....'.#
#.....#.#
#######.#
#####.# #.
...#.#
..#####+###.#.#
.........o.@..#
.........oS####
.........5S+
.......o...#
......:.$..#
.......>...#
......).$..#
############


You could see 2 adders, a white imp and 3 orcs.

Vanquished Creatures
  A howler monkey (Temple)
1 creature vanquished.

Notes
Turn   | Place    | Note
-------+----------+-------------------------------------------
     0 | D:5      | Haiku the Draconian Delver began the quest for the Orb.
     0 | D:5      | Reached XP level 1. HP: 19/19 MP: 1/1
    20 | D:5      | Found a staircase to the Ecumenical Temple.
    25 | D:5      | Noticed a howler monkey
    37 | Temple   | Entered the Ecumenical Temple
    43 | Temple   | Killed a howler monkey
    44 | Temple   | Reached skill level 5 in Stealth
    44 | Temple   | Reached XP level 2. HP: 21/26 MP: 2/2
    44 | Temple   | Reached XP level 3. HP: 25/31 MP: 3/3
   176 | Temple   | Became a worshipper of Ru the Awakened
   245 | D:5      | HP: 1/31 [orc/+0 club (2)]
   245 | D:5      | Succumbed to an adder's poison

Illustrated notes

Levels and vault maps discovered:
D:5:      layout_basic, minmay_temple_entry_offerings, serial_shops,
          nicolae_diamond_shop, uniq_crazy_yiuf_cottage
Temple:   dpeg_five_rooms_temple

Skill      XL: |  1 |
---------------+----+-----
Stealth        | 5 |  5.1
Fighting       | |  3.5
Axes           | |  2.1
Dodging        | |  1.9
Spellcasting   | |  0.5
Evocations     | |  0.5

Action                   || total
-------------------------++-------
Melee: Hand axe          ||     7
  Use: Potion            ||     2
       Scroll            ||     1
Armor: Skin              ||     7
Dodge: Dodged            ||    21
